 Dungeon Crawl Stone Soup version 0.20-a0-1074-g6a0a8e1 (console) character file.

70 pagos the Skirmisher (level 4, 0/40 HPs)
             Began as a Minotaur Abyssal Knight on Apr 30, 2017.
             Was a Believer of Lugonu.
             Killed from afar by Ijyb (14 damage)
             ... with a wand of acid (?/15)
             ... on level 3 of the Dungeon.
             The game lasted 00:02:30 (1672 turns).

pagos the Skirmisher (Minotaur Abyssal Knight)      Turns: 1672, Time: 00:02:31

Health: 0/40       AC:  3    Str: 17    XL:     4   Next: 4%
Magic:  4/4        EV: 11    Int:  9    God:    Lugonu [**....]
Gold:   190        SH:  0    Dex: 10    Spells: 3/3 levels left

rFire    . . .     SeeInvis .   a - +1 mace
rCold    . . .     Gourm    +   (no shield)
rNeg     . . .     Faith    .   b - +0 leather armour
rPois    .         Spirit   .   (helmet restricted)
rElec    .         Reflect  .   (no cloak)
rCorr    .         Harm     .   (no gloves)
MR       .....                  (no boots)
Stlth    +.........             g - amulet of the gourmand
Regen    0.2/turn               (no ring)
MPRegen  0.1/turn               (no ring)

@: no status effects
A: retaliatory headbutt, horns 2
a: Depart the Abyss, Bend Space, Renounce Religion


You were on level 3 of the Dungeon.
You worshipped Lugonu.
Lugonu was pleased with you.
You were near starving.

You visited 1 branch of the dungeon, and saw 3 of its levels.
You visited the Abyss 1 time.

You collected 190 gold pieces.

Inventory:

Hand Weapons
 a - a +1 mace (weapon)
Armour
 b - a +0 leather armour (worn)
 e - a +0 plate armour
Jewellery
 g - an amulet of the gourmand (around neck)
Scrolls
 i - a scroll of enchant armour {unknown}
 j - a scroll of identify {unknown}
 m - a scroll of remove curse {unknown}
 o - 2 scrolls of random uselessness {unknown}
 p - 2 scrolls of enchant weapon {unknown}
Potions
 d - 3 potions of curing
 h - a potion of heal wounds {unknown}
 l - 2 potions of haste {unknown}
 n - a potion of flight {unknown}
 q - a potion of brilliance {unknown}
Comestibles
 c - a bread ration
 f - a royal jelly
 k - 4 fruits


   Skills:
 + Level 4.1 Fighting
 * Level 3.5 Maces & Flails
 + Level 2.9 Armour
 + Level 1.7 Dodging
 + Level 2.5 Invocations


You had 3 spell levels left.
You didn't know any spells.

Dungeon Overview and Level Annotations

Branches:
Dungeon (3/15)

Altars:

Annotations:
D:3 Ijyb


Innate Abilities, Weirdness & Mutations

You reflexively headbutt those who attack you in melee.
You have a pair of horns on your head.


Message History

You barely miss the adder. The adder barely misses you.
You miss the adder. The adder closely misses you. The adder barely misses you.
You closely miss the adder. The adder bites you. x2
An adder comes into view.
You miss the adder.
The adder hisses angrily.
The adder misses you.
You closely miss the adder. Your headbutt misses the adder.
The adder bites you.
Ijyb drinks a potion.
Ijyb seems to grow stronger.
The adder barely misses you.
You sock the adder! Your headbutt misses the adder.
The adder is severely wounded.
The adder closely misses you.
You are near starving!
You thump the adder!
You kill the adder!
Lugonu accepts your kill.
You have reached level 4!
You feel agile.
You closely miss Ijyb.
Ijyb zaps a wand.
The bolt of acid hits you!
You die...

# # .#. #:#
#.#.# #.#S# #
#.#g# .. ##.#@#
#
#.##..[.##.####
#.............
.#.##....#...###
#.......###.>#
#.#
#.####...#...#
#.#
.............#
#..
#.#######.##.#
#.# #####.##.#
#.#


You could see Ijyb and an adder.

Vanquished Creatures
  2 adders
  A worm (D:2)
  2 dart slugs
  2 leopard geckos
  4 bats (D:1)
  5 giant cockroaches
  7 goblins
  4 hobgoblins
  2 ball pythons
  2 frilled lizards (D:1)
  6 kobolds (D:2)
  7 rats
44 creatures vanquished.

Notes
Turn   | Place    | Note
-------+----------+-------------------------------------------
     0 | Abyss:1  | pagos the Minotaur Abyssal Knight began the quest for the Orb.
     0 | Abyss:1  | Reached XP level 1. HP: 19/19 MP: 1/1
    96 | Abyss:2  | Noticed a small abomination
    97 | Abyss:2  | Noticed a small abomination
    97 | Abyss:2  | Noticed a quasit
   109 | D:1      | Escaped the Abyss
   117 | D:1      | Noticed a polar bear
   118 | D:1      | Noticed an anaconda
   118 | D:1      | Noticed a rime drake
   352 | D:1      | Reached XP level 2. HP: 23/27 MP: 2/2
   397 | D:1      | Reached * piety under Lugonu
   888 | D:2      | Reached XP level 3. HP: 28/33 MP: 3/3
   963 | D:2      | Reached skill level 4 in Fighting
   966 | D:2      | HP: 1/33 [poisoned by an adder]
  1326 | D:2      | Reached ** piety under Lugonu
  1664 | D:3      | Noticed Ijyb
  1671 | D:3      | Reached XP level 4. HP: 14/40 MP: 4/4
  1672 | D:3      | Killed from afar by Ijyb

Vault maps used:
D:1:      onia_arrival_zoo_common
D:3:      bloody_trog, uniq_ijyb, uniq_sigmund

Skill      XL: |  1  2  3 |
---------------+----------+-----
Invocations    | 2 |  2.5
Maces & Flails | 3 |  3.5
Fighting       | 4 |  4.1
Armour         | |  2.9
Dodging        | |  1.7

Action                   |  1- 3 |  4- 6 || total
-------------------------+-------+-------++-------
Melee: Mace              |   126 |     1 ||   127
       Headbutt          |    15 |       ||    15
Invok: Depart the Abyss  |     1 |       ||     1
  Use: Potion            |     1 |       ||     1
  Eat: Chunk             |     1 |       ||     1
Armor: Leather armour    |    43 |       ||    43
Dodge: Dodged            |   110 |       ||   110
